 Dungeon Crawl Stone Soup version 0.29-a0-483-g69413ace17 (webtiles) character file.

Game seed: 2619969543574155622

382 happo123 the Skirmisher (level 6, -4/53 HPs)
             Began as a Ghoul Monk on May 25, 2022.
             Slain by a gnoll
             ... wielding a +2 flail of draining
              (11 damage)
             ... on level 4 of the Dungeon.
             The game lasted 00:10:11 (2960 turns).

happo123 the Skirmisher (Ghoul Monk)                Turns: 2960, Time: 00:10:12

Health: -4/53      AC:  3    Str: 17    XL:     6   Next: 76%
Magic:  7/7        EV: 12    Int:  5    God:
Gold:   214        SH:  0    Dex: 11    Spells: 8/8 levels left

rFire   . . .      SeeInvis .     - Unarmed
rCold   + . .      Faith    .   (no shield)
rNeg    + + +      Spirit   .   k - +0 leather armour
rPois   ∞          Reflect  .   (no helmet)
rElec   .          Harm     .   (no cloak)
rCorr   .          Rampage  .   (no gloves)
Will    .....                   (no boots)
Stlth   ++........              (no amulet)
HPRegen 0.00/turn               (no ring)
MPRegen 0.10/turn               (no ring)

@: inhibited regen
A: claws 1, cold resistance 1, negative energy resistance 3, inhibited
regeneration, torment resistance 2, devour on kill
a: no special abilities


You were on level 4 of the Dungeon.
You visited 1 branch of the dungeon, and saw 4 of its levels.

You collected 214 gold pieces.

Inventory:

Armour
 a - a +0 robe
 k - a +0 leather armour (worn)
Magical Staves
 i - a staff of air
Jewellery
 e - an amulet of faith
Scrolls
 c - a scroll of summoning {unknown}
 d - a scroll of enchant armour {unknown}
 l - 2 scrolls of fog {unknown}
 n - 3 scrolls of identify {unknown}
Potions
 b - a potion of ambrosia
 f - 2 potions of heal wounds {unknown}
 g - a potion of invisibility {unknown}
 h - 2 potions of flight {unknown}
 j - a potion of curing {unknown}
 m - 3 potions of attraction {unknown}
 o - a potion of resistance {unknown}
 p - a potion of magic {unknown}


   Skills:
 + Level 4.5 Fighting
 + Level 2.2 Armour
 + Level 3.7 Dodging
 + Level 3.9 Stealth
 + Level 4.4 Unarmed Combat
 + Level 1.6 Spellcasting


You had 8 spell levels left.
You didn't know any spells.
Your spell library contained the following spells:

 Spells                   Type           Power      Damage    Failure   Level
 Apportation              Tloc           0%         N/A       50%         1
 Necrotize                Necr           0%         1d4       50%         1
 Shock                    Conj/Air       0%         1d3       50%         1
 Summon Small Mammal      Summ           0%         N/A       50%         1
 Swiftness                Air            0%         N/A       86%         3
 Airstrike                Air            0%         N/A       99%         4


Dungeon Overview and Level Annotations

Branches:
Dungeon (4/15)
 Temple: D:4-7

Altars:


Innate Abilities, Weirdness & Mutations

You are immune to poison.
You have sharp fingernails.
Your flesh is cold resistant. (rC+)
You are immune to negative energy. (rN+++)
You do not regenerate when monsters are visible.
You are immune to unholy pain and torment.
You thrive by killing the living.


Message History

The hobgoblin shouts!
You claw the orc priest!
The orc priest is severely wounded.
The orc priest barely misses you.
A gnoll comes into view. It is wielding a +2 flail of draining.
The gnoll closely misses you.
You scratch the orc priest.
You claw the orc priest, but do no damage.
The orc priest is severely wounded.
The orc priest closely misses you.
The gnoll hits you from afar with a +0 spear!
You scratch the orc priest but do no damage.
The orc priest is severely wounded.
The orc priest barely misses you. The gnoll misses you.
You barely miss the orc priest.
The orc priest is severely wounded.
The gnoll hits you from afar with a +0 spear.
The orc priest hits you with a +0 vorpal mace.
You claw the orc priest!
You kill the orc priest!
You feel better. The gnoll closely misses you.
You barely miss the gnoll.
The gnoll hits you from afar with a +0 spear.
The gnoll closely misses you.
You claw the gnoll!
The gnoll is heavily wounded.
The gnoll hits you with a +2 flail of draining!
The gnoll closely misses you.
The hobgoblin drinks a potion.
The hobgoblin seems to grow stronger.
You scratch the gnoll but do no damage.
The gnoll is heavily wounded.
You scratch the gnoll but do no damage.
The gnoll is heavily wounded.
The gnoll hits you with a +2 flail of draining!
* * * LOW HITPOINT WARNING * * *
The gnoll completely misses you.
You scratch the gnoll.
The gnoll is severely wounded.
The gnoll hits you with a +2 flail of draining!
You die...

######## #......#
#.####.# ########.#
#.#
.........####.####
.#########.......#
..# #.##.##.#
.############.##@#
...........##.##g#
.[.#...##..##(.gg.
...#...###.####..##
...##..###.# #..#
..###......# #...
..# ##.....# ..##
.(# ###...# .. .##
####.#


You could see 2 gnolls and a hobgoblin (strong).

Vanquished Creatures
  A black bear (D:3)
  An ogre (D:4)
  An orc priest (D:4)
  An iguana (D:4)
  An orc wizard (D:4)
  4 adders
  3 worms (D:2)
  3 dart slugs
  8 orcs
  5 ball pythons
  8 endoplasms
  2 giant cockroaches
  5 goblins
  9 hobgoblins
  4 jackals (D:1)
  3 quokkas
  3 bats
  A frilled lizard (D:2)
  6 kobolds
  4 rats
73 creatures vanquished.

Notes
Turn   | Place    | Note
-------+----------+-------------------------------------------
     0 | D:1      | happo123 the Ghoul Monk began the quest for the Orb.
     0 | D:1      | Reached XP level 1. HP: 19/19 MP: 0/0
   262 | D:1      | Reached XP level 2. HP: 24/26 MP: 1/1
   666 | D:1      | Reached XP level 3. HP: 31/31 MP: 2/2
   903 | D:2      | Reached skill level 1 in Armour
  1096 | D:2      | Found a faded altar of an unknown god.
  1502 | D:3      | Reached XP level 4. HP: 36/40 MP: 3/3
  1730 | D:3      | Noticed a black bear
  1741 | D:3      | Killed a black bear
  1742 | D:3      | Reached skill level 1 in Spellcasting
  1742 | D:3      | Reached XP level 5. HP: 19/46 MP: 3/5
  2774 | D:4      | Noticed an ogre
  2786 | D:4      | Killed an ogre
  2787 | D:4      | Reached XP level 6. HP: 53/53 MP: 5/7
  2960 | D:4      | Slain by a gnoll

Illustrated notes

Levels and vault maps discovered:
D:1:      ebering_trefoil_3fold, layout_rooms
D:2:      layout_rooms, shapermc_ecumenical_altar_mp_urbaneastern
D:3:      layout_basic, supply_closet_lemuel, chequers_serial_rivers_small_a,
          amethyst_killhole, minmay_misc_feat_hallway, grunt_decor_arrowhead,
          minmay_ruptured
D:4:      minmay_recursive_quarters, layout_loops_ring,
          mainiacjoe_overflow_six_doors_small,
          hangedman_abyss_or_decor_lesser_grid, serial_park_tiny_1,
          minmay_ruined_shrine

Skill      XL: |  1  2  3  4  5 |
---------------+----------------+-----
Dodging        | 3 |  3.7
Armour         | 1 2 |  2.2
Fighting       | 4 |  4.5
Stealth        | 3 |  3.9
Unarmed Combat | 4 |  4.4
Spellcasting   | 1 |  1.6

Action                   |  1- 3 |  4- 6 || total
-------------------------+-------+-------++-------
Melee: Unarmed           |   130 |   121 ||   251
       Punch             |     1 |     2 ||     3
 Stab: Distracted        |     1 |       ||     1
       Sleeping          |     1 |     2 ||     3
Armor: Robe              |    11 |       ||    11
       Leather armour    |     7 |    16 ||    23
Dodge: Dodged            |    96 |    57 ||   153

Table legend: (Time is in decaauts)
 A = Elapsed time spent in this place.
 B = Non-inter-level travel time spent in this place.
 C = Inter-level travel time spent in this place.
 D = Time resting spent in this place.
 E = Time spent auto-exploring this place.
 F = Levels seen in this place.
 G = Mean time per level.
                   A        B        C        D        E       F      G
               +--------+--------+--------+--------+--------+-----+--------+
         Total |   2942 |   2765 |    177 |    263 |   1952 |   4 |  735.5 |
       Dungeon |   2942 |   2765 |    177 |    263 |   1952 |   4 |  735.5 |
               +--------+--------+--------+--------+--------+-----+--------+

Top non-repeatable levels by time:
     D:3: 1190 daAuts
     D:1: 739 daAuts
     D:2: 541 daAuts
     D:4: 471 daAuts
